 Dungeon Crawl Stone Soup version 0.18.1-48-g4cf74bf (webtiles) character file.

3618 WarriorsX the Carver (level 10, 0/80 HPs)
             Began as a Human Fighter on July 31, 2016.
             Succumbed to a killer bee's poison
             ... on level 7 of the Dungeon.
             The game lasted 00:23:50 (7199 turns).

WarriorsX the Carver (Human Fighter)                Turns: 7199, Time: 00:23:51

Health: 0/80       AC: 18    Str: 29    XL:     10   Next: 32%
Magic:  13/13      EV:  5    Int: 10    God:
Gold:   379        SH: 16    Dex: 12    Spells: 0 memorised, 9 levels left

rFire  . . .     SeeInvis .     p - +1 long sword (freeze)
rCold  + . .     Gourm    .     t - +0 plate armour
rNeg   . . .     Faith    .     s - +2 shield
rPois  +         Spirit   .     (no helmet)
rElec  +         Dismiss  .     g - +2 cloak
rCorr  .         Reflect  +     e - +1 pair of gloves of Lies {rElec Dex+2}
SustAt .         Harm     .     (no boots)
MR     .....     Rnd*Rage +     q - +3 amulet of reflection
Stlth  ..........               x - +5 ring of strength
                                l - ring of poison resistance

@: mighty, lethally poisoned (0 -> -4), not resistant to hostile enchantments,
extremely unstealthy
A: berserk 1, blink, clumsy 1, cold resistance 1, electricity resistance,
MP-powered wands
a: Blink


You were on level 7 of the Dungeon.
You were not hungry.

You visited 1 branch of the dungeon, and saw 8 of its levels.

You collected 414 gold pieces.
You spent 35 gold pieces at shops.

Inventory:

Hand Weapons
 a - a +1 long sword
 p - a +1 long sword of freezing (weapon)
 y - a +1 long sword of slicing
Armour
 e - the +1 pair of gloves of Lies (worn) {rElec Dex+2}
   (You found it on level 4 of the Dungeon)

   It affects your dexterity (+2).
   It insulates you from electricity.
 g - a +2 cloak (worn)
 s - a +2 shield (worn)
 t - a +0 plate armour (worn)
 u - a +0 ice dragon armour
Jewellery
 j - an uncursed ring of ice
 l - a ring of poison resistance (left hand)
 n - an uncursed ring of fire
 q - a +3 amulet of reflection (around neck)
 x - a +5 ring of strength (right hand)
Wands
 b - a wand of slowing (17/48)
Scrolls
 h - 2 scrolls of magic mapping
 i - 2 scrolls of enchant weapon
 m - 2 scrolls of blinking
 o - 2 scrolls of remove curse
 r - 5 scrolls of teleportation
 v - 2 scrolls of identify
 A - a scroll of fog
Potions
 w - a potion of brilliance
 B - a potion of cancellation
Comestibles
 f - 5 bread rations
 k - 3 meat rations


   Skills:
 + Level 8.1 Fighting
 + Level 8.4 Long Blades
 + Level 6.4 Armour
 + Level 5.2 Shields
 - Level 5.1 Evocations


You had 9 spell levels left.
You didn't know any spells.

Dungeon Overview and Level Annotations

Branches:
Dungeon (8/15)             Temple (0/1) D:4
   Lair: D:8-11

Altars:
Elyvilon
Fedhas
Gozag
Kikubaaqudgha
Nemelex Xobeh

Shops:
D:7 !


Innate Abilities, Weirdness & Mutations

You tend to lose your temper in combat.
You can translocate small distances at will.
You are clumsy. (Dex -2)
Your flesh is cold resistant.
You are resistant to electric shocks.
You expend magic power (3 MP) to strengthen your wands.


Message History

The killer bee poisons you!
Drink which item? (? for menu, Esc to quit)
You feel very mighty all of a sudden.
* * * LOW HITPOINT WARNING * * *
You feel sick. You block the killer bee's attack.
The killer bee barely misses you.
You miss the killer bee.
* * * LOW HITPOINT WARNING * * *
You feel sick.
The killer bee stings you but does no damage.
You block the killer bee's attack.
You blink.
You feel slightly more hungry.
* * * LOW HITPOINT WARNING * * *
You feel sick.
Drink which item? (? for menu, Esc to quit)
Okay, then.
* * * LOW HITPOINT WARNING * * *
You feel sick.
You don't have enough health at the moment.
You die...

#.........!..........#
#.###>####...######..#
#.# #o# #.### #..# #.#
#.# #.# #..# #.# #y#
#.# #..# #.# #.# #.#
#..# #.# #y# #.# #..#
##.###.####.# #..#
##.#.##.@.##>#### #..#
#.###.###.##....# #..##
##.#.## #.#####.# #....
##.## ##.## ##.## #.#.#
#.# ##...###...####.#.#
#.###.###.#.........#.#
#...(.# #..#...####.#.#
#####.###.###.## #.#.#
##...## ##.# #.#.#


You could see 2 killer bees and an orc.

Vanquished Creatures
  Grinder (D:3)
  Sigmund (D:3)
  Eustachio (D:6)
  A hungry ghost (D:7)
  The ghost of WarriorsX the Covered, an amateur HuFi (D:3)
  Duvessa (D:5)
  A water moccasin (D:7)
  2 ice beasts (D:7)
  A black bear (D:7)
  An orc warrior (D:7)
  A sky beast (D:5)
  2 ogres (D:5)
  2 phantoms (D:6)
  3 centaurs
  Blork the orc (D:5)
  3 giant frogs
  Dowan (D:5)
  4 killer bees (D:7)
  2 scorpions
  5 wights (D:7)
  2 crimson imps (D:7)
  A giant frog zombie (D:6)
  4 hounds
  A centaur skeleton (D:6)
  2 orc wizards (D:6)
  Terence (D:2)
  A hell rat (D:5)
  Ijyb (D:3)
  3 iguanas
  3 worker ants
  8 gnolls
  7 adders
  3 river rats (D:5)
  A shadow imp (D:6)
  An ooze (D:4)
  2 worms
  3 dart slugs
  5 giant geckos
  5 orcs
  4 bats
  2 giant cockroaches (D:3)
  5 goblins
  9 hobgoblins
  8 jackals
  3 quokkas
  A ball python (D:2)
  2 giant gecko skeletons
  7 giant newts
  2 jackal skeletons
  4 kobolds
  20 rats
156 creatures vanquished.

Notes
Turn   | Place    | Note
--------------------------------------------------------------
     0 | D:1      | WarriorsX the Human Fighter began the quest for the Orb.
     0 | D:1      | Reached XP level 1. HP: 18/18 MP: 1/1
   134 | D:1      | Reached XP level 2. HP: 21/24 MP: 2/2
   498 | D:1      | Reached XP level 3. HP: 29/29 MP: 3/3
   759 | D:2      | Found a sparkling altar of Nemelex Xobeh.
   802 | D:2      | Found a faded altar to an unknown god.
  1012 | D:2      | Reached XP level 4. HP: 37/37 MP: 4/4
  1272 | D:2      | Noticed Terence
  1285 | D:2      | Killed Terence
  1583 | D:2      | Reached XP level 5. HP: 40/43 MP: 5/5
  1699 | D:3      | Noticed WarriorsX's ghost (amateur HuFi)
  1714 | D:3      | Killed WarriorsX's ghost
  1714 | D:3      | Reached skill level 5 in Fighting
  1714 | D:3      | Reached XP level 6. HP: 39/51 MP: 6/6
  2141 | D:3      | Noticed Sigmund
  2366 | D:4      | Found a staircase to the Ecumenical Temple.
  2407 | D:3      | Killed Sigmund
  2407 | D:3      | Reached skill level 5 in Long Blades
  2407 | D:3      | Reached XP level 7. HP: 42/57 MP: 7/7
  2471 | D:3      | Noticed Grinder
  2495 | D:3      | Paralysed by Grinder for 3 turns
  2504 | D:3      | Killed Grinder
  2684 | D:3      | Noticed Ijyb
  2706 | D:3      | Killed Ijyb
  3183 | D:4      | Gained mutation: You can translocate small distances at will. [potion of beneficial mutation]
  3279 | D:4      | Reached XP level 8. HP: 58/64 MP: 8/8
  3457 | D:4      | Got a pair of transparent gloves
  3463 | D:4      | Identified the +1 pair of gloves of Lies {rElec Dex+2} (You found it on level 4 of the Dungeon)
  3797 | D:4      | Found an ancient bone altar of Kikubaaqudgha.
  4047 | D:5      | Entered Level 5 of the Dungeon
  4175 | D:5      | Found an opulent altar of Gozag.
  4407 | D:5      | Noticed Dowan
  4408 | D:5      | Noticed Duvessa
  4428 | D:5      | Killed Duvessa
  4444 | D:5      | Killed Dowan
  4468 | D:5      | Found a blossoming altar of Fedhas.
  4657 | D:5      | Reached skill level 5 in Armour
  4929 | D:5      | Noticed Blork the orc
  4942 | D:5      | Killed Blork the orc
  5068 | D:5      | Reached XP level 9. HP: 72/72 MP: 9/9
  5109 | D:5      | Gained mutation: You possess an exceptional clarity of mind. [mutagenic meat]
  5110 | D:5      | Gained mutation: You are resistant to electric shocks. [mutagenic meat]
  5112 | D:5      | Gained mutation: Your flesh is cold resistant. [mutagenic meat]
  5113 | D:5      | Gained mutation: You expend magic power (3 MP) to strengthen your wands. [mutagenic meat]
  5206 | D:5      | Reached skill level 1 in Evocations
  5269 | D:5      | Found a white marble altar of Elyvilon.
  5600 | D:6      | Noticed Eustachio
  5610 | D:6      | Killed Eustachio
  5988 | D:6      | Reached skill level 5 in Evocations
  6429 | D:7      | Reached XP level 10. HP: 77/79 MP: 6/13
  6920 | D:7      | Found Ziaxegeu's Distillery.
  6927 | D:7      | Bought a potion of mutation for 35 gold pieces
  6927 | D:7      | Gained mutation: You are clumsy. (Dex -2) [potion of mutation]
  6927 | D:7      | Lost mutation: You possess an exceptional clarity of mind. [potion of mutation]
  6927 | D:7      | Gained mutation: You tend to lose your temper in combat. [potion of mutation]
  7161 | D:7      | Reached skill level 5 in Shields
  7197 | D:7      | HP: 2/80 [poisoned by a killer bee]
  7199 | D:7      | Succumbed to a killer bee's poison

Skill      XL: |  1  2  3  4  5  6  7  8  9 10 |
---------------+-------------------------------+-----
Long Blades    | 3 4 5 6 7 8 |  8.4
Fighting       | 4 5 6 7 8 |  8.1
Armour         | 5 6 |  6.4
Evocations     | 5 |  5.1
Shields        | 4 5 |  5.2

Action                   |  1- 3 |  4- 6 |  7- 9 | 10-12 || total
-------------------------+-------+-------+-------+-------++-------
Melee: Long sword        |    91 |   145 |   445 |   138 ||   819
 Abil: Blink             |       |       |       |     1 ||     1
Evoke: Wand              |       |       |     5 |       ||     5
  Use: Scroll            |       |       |    13 |       ||    13
       Potion            |       |       |     7 |     6 ||    13
  Eat: Chunk             |       |     4 |    19 |     2 ||    25
       Fruit             |       |       |     1 |     2 ||     3
       Beef jerky        |       |       |       |     1 ||     1
Armor: Scale mail        |    43 |    48 |    29 |       ||   120
       Plate armour      |       |       |   140 |    92 ||   232
Dodge: Dodged            |    26 |    48 |    51 |    24 ||   149
Block: Shield            |    40 |    67 |   263 |   122 ||   492
       Reflection        |       |       |     4 |       ||     4
